 Dungeon Crawl Stone Soup version 0.29-a0-857-g9b1aa3ac5b (webtiles) character file.

Game seed: 2566618708398044491

4 nxtlvl the Ducker (level 1, -1/13 HPs)
             Began as a Deep Elf Monk on July 16, 2022.
             Slain by a hobgoblin (2 damage)
             ... on level 1 of the Dungeon.
             The game lasted 00:00:33 (144 turns).

nxtlvl the Ducker (Deep Elf Monk)                    Turns: 144, Time: 00:00:34

Health: -1/13      AC:  2    Str:  8    XL:     1   Next: 50%
Magic:  3/3        EV: 13    Int: 14    God:
Gold:   24         SH:  0    Dex: 17    Spells: 0/0 levels left

rFire   . . .      SeeInvis .   a - +0 short sword
rCold   . . .      Faith    .   (no shield)
rNeg    . . .      Spirit   .   b - +0 robe
rPois   .          Reflect  .   (no helmet)
rElec   .          Harm     .   (no cloak)
rCorr   .          Rampage  .   (no gloves)
Will    .....                   (no boots)
Stlth   ++........              d - amulet of magic regeneration
HPRegen 0.04/turn               (no ring)
MPRegen 0.48/turn               (no ring)

@: no status effects
A: no striking features
a: no special abilities


You were on level 1 of the Dungeon.
You visited 1 branch of the dungeon, and saw 2 of its levels.

You collected 24 gold pieces.

Inventory:

Hand Weapons
 a - a +0 short sword (weapon)
Armour
 b - a +0 robe (worn)
Jewellery
 d - an amulet of magic regeneration (around neck)
Scrolls
 e - a scroll of enchant weapon {unknown}
Potions
 c - a potion of ambrosia


   Skills:
 - Level 2.4 Fighting
 * Level 3.3 Short Blades
 - Level 3.6 Dodging
 - Level 2.4 Stealth


You couldn't memorise any spells.
You didn't know any spells.
Your spell library was empty.

Dungeon Overview and Level Annotations

Branches:
Dungeon (2/15)

Altars:


Message History

You kill the ball python!
You hit the ball python.
The ball python is moderately wounded.
The ball python bites you. The ball python misses you.
You hit the ball python.
The ball python is severely wounded.
The ball python bites you. The ball python closely misses you.
The ball python bites you. The ball python closely misses you.
You hit the ball python.
You kill the ball python!
You now have 24 gold pieces (gained 12).
You open the door.
A bat comes into view.
Found a scroll labelled JETALE ANWI.
Found a stone staircase leading down.
d - an amulet of magic regeneration You start putting on your amulet.
You continue putting on your amulet of magic regeneration. x5
You finish putting on your amulet of magic regeneration.
d - an amulet of magic regeneration (around neck)
The bat hits you. x2
There is an open door here.
You hit the bat.
You kill the bat!
e - a scroll labelled JETALE ANWI
There is a stone staircase leading down here.
You climb downwards.
There is a stone staircase leading up here.
You climb upwards.
There is a stone staircase leading down here.
There is an open door here.
A rat and a quokka come into view.
An endoplasm comes into view.
A hobgoblin comes into view.
A hobgoblin comes into view.
You closely miss the hobgoblin. The hobgoblin barely misses you.
You hit the hobgoblin but do no damage. The hobgoblin hits you.
You closely miss the hobgoblin. The hobgoblin hits you.
* * * LOW HITPOINT WARNING * * *
You hit the hobgoblin but do no damage. The hobgoblin hits you.
You die...

.....# #.#
#.#...###.≈.##.≈.≈. .....#
#.# #.##### ##.####.≈.#
....†#####.####.###########
#####
....................... ..
#####..###.####.#.##.###.#
...........# #.# .#...
######..#### #.# ... ##.##
#.####.###g.# #..#
#.@g......... ##.#
######.###... ... .# ###..
.# ... .# ...r .# r...# .#
.J... ^#


You could see a hobgoblin.

Vanquished Creatures
  A quokka (D:1)
  2 ball pythons (D:1)
  A bat (D:1)
4 creatures vanquished.

Notes
Turn   | Place    | Note
-------+----------+-------------------------------------------
     0 | D:1      | nxtlvl the Deep Elf Monk began the quest for the Orb.
     0 | D:1      | Reached XP level 1. HP: 13/13 MP: 3/3
   144 | D:1      | Slain by a hobgoblin

Illustrated notes

Levels and vault maps discovered:
D:1:      lightli_arrival_windingriver, layout_basic,
          shapermc_ecumenical_altar_petra
D:2:      layout_loops_ring, nrook_mini_backslash, kennysheep_jessica_study

Action                   || total
-------------------------++-------
Melee: Short sword       ||    13
 Stab: Sleeping          ||     1
Armor: Robe              ||     1
Dodge: Dodged            ||     6

Table legend: (Time is in decaauts)
 A = Elapsed time spent in this place.
 B = Non-inter-level travel time spent in this place.
 C = Inter-level travel time spent in this place.
 D = Time resting spent in this place.
 E = Time spent auto-exploring this place.
 F = Levels seen in this place.
 G = Mean time per level.
                   A        B        C        D        E       F      G
               +--------+--------+--------+--------+--------+-----+--------+
         Total |    146 |    146 |      0 |      0 |     44 |   2 |   73.0 |
       Dungeon |    146 |    146 |      0 |      0 |     44 |   2 |   73.0 |
               +--------+--------+--------+--------+--------+-----+--------+

Top non-repeatable levels by time:
     D:1: 144 daAuts
     D:2: 1 daAuts
